 Dungeon Crawl Stone Soup version 0.19.1 (webtiles) character file.

92694 Telos the Fencer (level 15, -22/119 HPs)
             Began as a Demonspawn Fighter on Nov 27, 2016.
             Was the Champion of Okawaru.
             Annihilated by an orc warlord
             ... wielding a +2 glaive of venom
              (35 damage)
             ... on level 2 of the Orcish Mines.
             The game lasted 00:59:00 (24412 turns).

Telos the Fencer (Demonspawn Fighter)              Turns: 24412, Time: 00:59:00

Health: -22/119    AC: 28    Str: 18    XL:     15   Next: 58%
Magic:  17/23      EV: 10    Int: 11    God:    Okawaru [******]
Gold:   2955       SH:  0    Dex: 16    Spells: 0 memorised, 14 levels left

rFire  + . .     SeeInvis .     Q - +2 double sword (elec)
rCold  + . .     Gourm    .     u - +6 chain mail of Taen {rPois rCorr}
rNeg   + . .     Faith    .     (no shield)
rPois  +         Spirit   .     (helmet restricted)
rElec  .         Reflect  .     V - +0 cloak {rPois}
rCorr  +         Harm     .     (no gloves)
MR     +....     Clarity  +     y - +0 pair of boots
Stlth  ..........               a - amulet of regeneration
                                j - ring of protection from cold
                                w - +5 ring of protection

@: heroism, finesse
A: horns 1, yellow scales 1, clarity, fire resistance 1, negative energy
resistance 1, spiny 2, flame cloud immunity
a: Heroism, Finesse, Renounce Religion


You were on level 2 of the Orcish Mines.
You worshipped Okawaru.
Okawaru was exalted by your worship.
You were hungry.

You visited 4 branches of the dungeon, and saw 24 of its levels.
You also visited: Bailey and Ice Cave.

You collected 2955 gold pieces.

Inventory:

Hand Weapons
 Q - a +2 double sword of electrocution (weapon)
Missiles
 J - 8 steel javelins (quivered)
Armour
 i - a +1 plate armour of fire resistance
 u - the +6 chain mail of Taen (worn) {rPois rCorr}
   (You acquired it in a bailey)

   It protects you from poison.
   It protects you from acid and corrosion.
 y - a +0 pair of boots (worn)
 V - a +0 cloak of poison resistance (worn)
Jewellery
 a - an amulet of regeneration (around neck)
 j - a ring of protection from cold (right hand)
 q - an uncursed ring of resist corrosion
 s - an uncursed ring of protection from fire
 w - a +5 ring of protection (left hand)
 z - an uncursed amulet of guardian spirit
 U - the ring "Ezea" {rPois Dex+4}
   (You found it on level 15 of the Dungeon)

   [ring of poison resistance]

   It affects your dexterity (+4).
   It protects you from poison.
Wands
 b - a wand of polymorph (13/24)
 d - a wand of paralysis (7/24)
 f - a wand of digging (11/24)
 t - a wand of acid (3/15)
 B - a wand of iceblast (7/15)
 D - a wand of iceblast (4/15)
 E - a wand of digging (8/24)
 P - a wand of digging (11/24)
 T - a wand of disintegration (13/24)
 W - a wand of digging (21/24)
Scrolls
 e - 16 scrolls of identify
 k - 6 scrolls of remove curse
 m - 9 scrolls of amnesia
 o - 5 scrolls of teleportation
 r - 5 scrolls of enchant armour
 F - 2 scrolls of enchant weapon
 I - 5 scrolls of magic mapping
 K - 2 scrolls of recharging
 S - a scroll of fear
Potions
 c - a potion of cancellation
 l - 2 potions of curing
 p - 5 potions of flight
 A - a potion of berserk rage
 C - 2 potions of might
 G - a potion of brilliance
 M - a potion of ambrosia
 N - a potion of agility
 O - a potion of invisibility
Books
 R - a book of the Earth

   Spells                             Type                      Level
   a - Leda's Liquefaction            Hexes/Earth                  4
   b - Bolt of Magma                  Conjuration/Fire/Earth       5
   c - Statue Form                    Transmutation/Earth          6
   d - Iron Shot                      Conjuration/Earth            6
   e - Shatter                        Earth                        9
Comestibles
 g - 7 meat rations
 h - 3 slices of pizza
 v - 11 bread rations
 x - 6 beef jerkies
 H - 2 royal jellies
 L - 13 fruits


   Skills:
 + Level 11.3(16.3) Fighting
 - Level 20.1(25.1) Long Blades
 + Level 7.0(12.0) Armour
   Level 2.6(7.6) Shields
 - Level 11.0 Invocations


You had 14 spell levels left.
You didn't know any spells.

Dungeon Overview and Level Annotations

Branches:
Dungeon (15/15)            Temple (1/1) D:4            Lair (6/6) D:11
 Shoals (0/4) Lair:3       Spider (0/4) Lair:2        Slime (0/5) Lair:5
    Orc (2/2) D:12         Vaults (0/5) D:13         Depths (0/5) D:15
    Elf: Orc:2

Altars:
Ashenzari
Cheibriados
Dithmenos
Elyvilon
Fedhas
Gozag
Hepliaklqana
Kikubaaqudgha
Makhleb
Okawaru
Qazlal
Ru
Sif Muna
Trog
Uskayaw
Vehumet
Xom
Yredelemnul
Zin
The Shining One
Beogh
Jiyva

Shops:
D:13 ((

Annotations:
Orc:1 Harold


Innate Abilities, Weirdness & Mutations

You have a pair of small horns on your head.
You are partially covered in yellow scales. (AC +2)
Your flesh is heat resistant. (rF+)
You resist negative energy. (rN+)
You are mostly covered in sharp spines.
You are immune to clouds of flame.
You possess an exceptional clarity of mind.


Message History

There is an open door, spattered with blood here.
Things that are here:
a giant club; a long sword; a chain mail You miss the orc sorcerer.
The troll is struck by your spines. The troll bites you.
* * * LOW HITPOINT WARNING * * *
The troll claws you!
* * * LOW HITPOINT WARNING * * *
The troll claws you but does no damage.
Unknown command.
The orc warlord hits you from afar with a glaive of venom!!
* * * LOW HITPOINT WARNING * * *
You are lethally poisoned!
The neqoxec gestures.
The white imp spits at you.
You feel better.
The orc sorcerer hits you with a dagger of protection.
* * * LOW HITPOINT WARNING * * *
The orc warlord hits you from afar with a glaive of venom!!
You die...

.###...))))...#.....#.....#
..###........########)###.#
...####......# #..)..#.#
....# ####....# #.._..'.#
......# ####.# #.....#.#
....... .#######'###.#
....... ###......#...#
....... #'######[###
#...... #@# #.).# ......
#o# #...# ..#... #$ooT.#
#≈≈≈# #.55..# #≈≈≈# #$5...#
#≈≈≈# ##$..## #≈§≈# #...#
##≈≈≈ ##$## ≈≈ #.#


You could see an orc warlord, an orc knight, a troll, an orc sorcerer and 3
white imps.

Vanquished Creatures
  An orc warlord (Orc:1)
  A stone giant (Orc:2)
  A dire elephant (Lair:6)
  Snorg (D:11)
  Josephine (Lair:6)
  2 ice dragons (IceCv)
  A yaktaur captain (D:15)
  A rakshasa (D:15)
  4 vault guards
  6 hydras
  2 catoblepae
  3 centaur warriors
  A merfolk avatar (Lair:6)
  A tengu warrior (D:15)
  4 orc high priests
  A fire crab (D:15)
  A skeletal warrior (D:15)
  2 unseen horrors
  A sea snake (Lair:6)
  4 hill giants
  2 wolf spider zombies
  2 harpies (Lair:6)
  Pikel (D:7)
  3 orc knights
  4 cyclopes
  A deep elf mage (D:13)
  4 manticores
  4 ugly things
  An orc sorcerer (Orc:2)
  A moth of wrath (D:6)
  12 elephants
  A black mamba (shapeshifter) (D:15)
  Psyche (D:8)
  2 ice statues (IceCv)
  2 gargoyles
  6 black mambas
  Maurice (D:7)
  14 rime drakes
  8 spiny frogs
  11 komodo dragons
  2 efreet (D:14)
  2 freezing wraiths (D:15)
  7 trolls
  3 jumping spiders (Lair:2)
  4 polar bears
  2 hornets (Lair:6)
  2 wind drakes (Lair:6)
  7 hippogriffs
  4 two-headed ogres
  A blink frog (shapeshifter) (D:15)
  A hippogriff (shapeshifter) (D:15)
  A snapping turtle (shapeshifter) (D:15)
  3 slime creatures (D:15)
  23 blink frogs
  Sigmund (D:3)
  4 redbacks (Lair:2)
  A spriggan (D:7)
  3 wraiths
  7 wyverns
  The ghost of DeXoteric the Chopper, an amateur MiFi (D:5)
  A basilisk (shapeshifter) (D:14)
  37 yaks
  3 basilisks
  3 vampire mosquitoes (D:15)
  A hungry ghost (D:12)
  A mottled dragon (D:12)
  3 wargs (Orc:1)
  A soldier ant (D:13)
  A soldier ant (shapeshifter) (D:13)
  2 porcupines
  10 water moccasins
  3 black bears
  34 orc warriors
  17 ice beasts
  A black bear (shapeshifter) (D:15)
  A necrophage (D:11)
  6 sky beasts
  4 phantoms
  3 boggarts (D:15)
  9 ogres
  22 wolves
  15 centaurs
  A big kobold (D:11)
  14 crocodiles
  A bullfrog (shapeshifter) (D:13)
  A gnoll sergeant (D:8)
  13 bullfrogs
  6 scorpions
  20 killer bees
  9 electric eels
  3 wights (D:12)
  2 bullfrog zombies
  7 howler monkeys
  2 lava snakes (D:13)
  9 crimson imps
  7 centaur zombies
  6 hounds
  21 orc wizards
  Crazy Yiuf (D:3)
  16 orc priests
  3 bullfrog skeletons
  4 jellies
  4 centaur skeletons
  4 iguanas
  5 worker ants
  2 hound skeletons
  23 gnolls
  A howler monkey skeleton (D:11)
  10 adders
  4 shadow imps
  An ooze (D:3)
  An adder skeleton (D:5)
  3 worms
  2 dart slugs
  9 leopard geckos
  104 orcs
  2 ball pythons
  4 giant cockroaches
  21 goblins
  22 hobgoblins
  8 jackals
  18 kobolds
  4 quokkas
  8 bats
  7 frilled lizards
  A leopard gecko zombie (D:5)
  A quokka skeleton (D:6)
  A quokka zombie (D:5)
  9 rats
  A fungus (Lair:5)
  A plant (Lair:6)
804 creatures vanquished.

Vanquished Creatures (others)
  A hill giant (D:12)
  5 dream sheep (D:3)
  A crimson imp (D:7)
  10 fungi
  21 plants (Lair:6)
38 creatures vanquished.

Grand Total: 842 creatures vanquished

Notes
Turn   | Place    | Note
-------+----------+-------------------------------------------
     0 | D:1      | Telos the Demonspawn Fighter began the quest for the Orb.
     0 | D:1      | Reached XP level 1. HP: 18/18 MP: 1/1
    54 | D:1      | Reached skill level 2 in Long Blades
   120 | D:1      | Gained mutation: You are partially covered in sharp spines. [demonic ancestry]
   120 | D:1      | Reached XP level 2. HP: 23/24 MP: 2/2
   216 | D:1      | Reached skill level 3 in Long Blades
   337 | D:1      | Reached XP level 3. HP: 28/29 MP: 3/3
  1190 | D:2      | Gained mutation: Your flesh is heat resistant. (rF+) [demonic ancestry]
  1190 | D:2      | Reached XP level 4. HP: 27/35 MP: 4/4
  1302 | D:2      | Reached skill level 4 in Long Blades
  1757 | D:3      | Gained mutation: You are partially covered in yellow scales. (AC +2) [demonic ancestry]
  1757 | D:3      | Reached XP level 5. HP: 39/41 MP: 5/5
  1774 | D:3      | Found a shimmering altar of Xom.
  1774 | D:3      | Noticed a dream sheep
  1774 | D:3      | Noticed a dream sheep
  1774 | D:3      | Noticed a dream sheep
  1774 | D:3      | Noticed a dream sheep
  1774 | D:3      | Noticed a dream sheep
  1779 | D:3      | Killed a dream sheep
  1779 | D:3      | Killed a dream sheep
  1780 | D:3      | Killed a dream sheep
  1780 | D:3      | Killed a dream sheep
  1780 | D:3      | Killed a dream sheep
  1878 | D:3      | Reached skill level 5 in Long Blades
  2191 | D:3      | Found a runed door.
  2195 | D:3      | Noticed Crazy Yiuf
  2201 | D:3      | Killed Crazy Yiuf
  2320 | D:3      | Noticed Sigmund
  2328 | D:3      | Killed Sigmund
  2328 | D:3      | Reached skill level 6 in Long Blades
  2328 | D:3      | Reached XP level 6. HP: 44/47 MP: 6/6
  2710 | D:4      | Found a staircase to the Ecumenical Temple.
  2966 | Temple   | Entered the Ecumenical Temple
  3047 | Temple   | Became a worshipper of Warmaster Okawaru
  3078 | D:4      | Reached skill level 7 in Long Blades
  3078 | D:4      | Gained mutation: You are immune to clouds of flame. [demonic ancestry]
  3078 | D:4      | Reached XP level 7. HP: 49/52 MP: 7/7
  3481 | D:4      | Reached skill level 8 in Long Blades
  3740 | D:4      | Reached * piety under Okawaru
  3829 | D:5      | Entered Level 5 of the Dungeon
  3835 | D:5      | Noticed DeXoteric's ghost (amateur MiFi)
  3860 | D:5      | Killed DeXoteric's ghost
  3860 | D:5      | Reached XP level 8. HP: 41/58 MP: 8/8
  3904 | D:5      | Reached skill level 9 in Long Blades
  4324 | D:5      | Reached ** piety under Okawaru
  4947 | D:6      | Reached skill level 10 in Long Blades
  5012 | D:6      | Noticed a moth of wrath
  5014 | D:6      | Found a bloodstained altar of Trog.
  5522 | D:7      | Noticed Pikel
  5553 | D:7      | Killed Pikel
  5553 | D:7      | Reached XP level 9. HP: 59/65 MP: 9/9
  5777 | D:7      | Reached *** piety under Okawaru
  5777 | D:7      | Reached skill level 11 in Long Blades
  5971 | D:7      | Reached skill level 5 in Fighting
  6042 | D:6      | Killed a moth of wrath
  6239 | D:8      | Noticed Maurice
  6255 | D:7      | Killed Maurice
  6255 | D:7      | Reached **** piety under Okawaru
  6527 | D:8      | Reached skill level 12 in Long Blades
  6826 | D:8      | Reached XP level 10. HP: 69/76 MP: 10/10
  6829 | D:8      | Noticed Psyche
  6838 | D:8      | Killed Psyche
  7430 | D:9      | Reached ***** piety under Okawaru
  7986 | D:10     | Entered Level 10 of the Dungeon
  8084 | D:10     | Reached skill level 13 in Long Blades
  8260 | D:10     | Killed an unseen horror
  8260 | D:10     | Received a gift from Okawaru
  8557 | D:10     | Reached XP level 11. HP: 80/86 MP: 11/11
  8919 | D:11     | Found an iron altar of Okawaru.
  8926 | D:11     | Found a staircase to the Lair.
  8942 | D:11     | Reached skill level 14 in Long Blades
  8947 | D:11     | Noticed a cyan ugly thing
  8957 | D:11     | Noticed Snorg
  8971 | D:11     | Killed a cyan ugly thing
  8984 | D:11     | Reached skill level 1 in Invocations
  9213 | D:11     | HP: 2/87 [Snorg (6)]
  9228 | D:11     | HP: 3/87 [Snorg (4)]
  9663 | D:11     | Received a gift from Okawaru
 10068 | D:11     | Killed Snorg
 10582 | D:11     | Noticed a hill giant
 10591 | D:11     | Killed a hill giant
 10632 | D:11     | Reached skill level 5 in Invocations
 10854 | Lair:1   | Entered Level 1 of the Lair of Beasts
 11051 | Lair:1   | Noticed a five-headed hydra
 11213 | D:12     | Noticed a hill giant
 11222 | D:12     | Killed a hill giant
 11246 | D:12     | Reached skill level 15 in Long Blades
 11280 | D:12     | Reached XP level 12. HP: 62/95 MP: 10/16
 11441 | D:12     | Received a gift from Okawaru
 11485 | D:12     | Received a gift from Okawaru
 11614 | D:12     | Noticed a five-headed hydra
 11814 | D:12     | Found a staircase to the Orcish Mines.
 11939 | D:12     | Found a stormy altar of Qazlal.
 12086 | Lair:1   | Killed a nine-headed hydra
 12753 | Lair:2   | Gained mutation: You have a pair of small horns on your head. [potion of beneficial mutation]
 12755 | Lair:2   | Gained mutation: Armour fits poorly on your strangely shaped body. [potion of mutation]
 12755 | Lair:2   | Gained mutation: You are dopey. (Int -2) [potion of mutation]
 12755 | Lair:2   | Gained mutation: You regenerate slowly when monsters are visible. [potion of mutation]
 12756 | Lair:2   | Lost mutation: You are dopey. (Int -2) [potion of cure mutation]
 12756 | Lair:2   | Lost mutation: You have a pair of small horns on your head. [potion of cure mutation]
 12756 | Lair:2   | Lost mutation: Armour fits poorly on your strangely shaped body. [potion of cure mutation]
 12756 | Lair:2   | Lost mutation: You regenerate slowly when monsters are visible. [potion of cure mutation]
 13023 | Lair:2   | Found a hole to the Spider Nest.
 13239 | Lair:2   | Reached skill level 16 in Long Blades
 13395 | Lair:2   | Received a gift from Okawaru
 13737 | Lair:3   | Found a frozen archway.
 13752 | IceCv    | Entered an ice cave
 14333 | IceCv    | Noticed an ice dragon
 14340 | IceCv    | Noticed an ice dragon
 14343 | IceCv    | Killed an ice dragon
 14343 | IceCv    | Gained mutation: You have a pair of small horns on your head. [demonic ancestry]
 14343 | IceCv    | Reached XP level 13. HP: 66/101 MP: 13/20
 14348 | IceCv    | Received a gift from Okawaru
 14381 | IceCv    | Got a brightly glowing pewter ring
 14407 | IceCv    | Identified the ring "Xeqimp" {+Fly rPois rF+ Dex-5} (You found it in an ice cave)
 14530 | Lair:3   | Found a staircase to the Shoals.
 14652 | Lair:3   | Reached skill level 10 in Invocations
 15103 | Lair:4   | Reached skill level 17 in Long Blades
 16445 | Lair:5   | You fall through a shaft!
 16445 | Lair:6   | Entered Level 6 of the Lair of Beasts
 16633 | Lair:6   | Reached skill level 18 in Long Blades
 16741 | Lair:6   | Noticed Josephine
 16744 | Lair:6   | Received a gift from Okawaru
 16748 | Lair:6   | Killed Josephine
 16996 | Lair:5   | Found a staircase to the Slime Pits.
 16996 | Lair:5   | Found a viscous altar of Jiyva.
 17874 | Lair:6   | Gained mutation: You are mostly covered in sharp spines. [demonic ancestry]
 17874 | Lair:6   | Reached XP level 14. HP: 94/108 MP: 13/22
 18603 | Lair:6   | Reached skill level 19 in Long Blades
 18626 | Lair:6   | Received a gift from Okawaru
 19595 | D:13     | Found Peogilut's Weapon Shop.
 20092 | D:13     | Found Mukhipn's Weapon Emporium.
 20157 | D:13     | Found a gate to the Vaults.
 20344 | D:13     | Found a sacrificial altar of Ru.
 20473 | D:13     | Reached skill level 20 in Long Blades
 20816 | D:14     | Found a shadowy altar of Dithmenos.
 21256 | D:15     | Entered Level 15 of the Dungeon
 21302 | D:15     | Reached ****** piety under Okawaru
 21453 | D:15     | Received a gift from Okawaru
 21536 | D:15     | Gained mutation: You resist negative energy. (rN+) [demonic ancestry]
 21536 | D:15     | Reached XP level 15. HP: 76/114 MP: 23/23
 21555 | D:15     | Got a crude tin ring
 21559 | D:15     | Identified the ring "Ezea" {rPois Dex+4} (You found it on level 15 of the Dungeon)
 21985 | D:15     | Reached skill level 10 in Fighting
 22075 | D:15     | Found a staircase to the Depths.
 22102 | D:15     | Reached skill level 5 in Armour
 22639 | D:15     | Found a blossoming altar of Fedhas.
 22892 | Orc:1    | Entered Level 1 of the Orcish Mines
 22892 | Orc:1    | Noticed Harold
 22954 | Orc:1    | Found a flagged portal.
 22972 | Bailey   | Entered a bailey
 23015 | Bailey   | Found an iron altar of Okawaru.
 23428 | Bailey   | Gained mutation: You possess an exceptional clarity of mind. [potion of beneficial mutation]
 23467 | Bailey   | Got a slimy chain mail
 23468 | Bailey   | Identified the +6 chain mail of Taen {rPois rCorr} (You acquired it in a bailey)
 23533 | Orc:1    | Noticed an orc warlord
 23563 | Orc:1    | Killed an orc warlord
 24058 | Orc:1    | Found a roughly hewn altar of Beogh.
 24107 | Orc:2    | Entered Level 2 of the Orcish Mines
 24352 | Orc:2    | Found a roughly hewn altar of Beogh.
 24394 | Orc:2    | Noticed an orc warlord
 24412 | Orc:2    | Annihilated by an orc warlord

Skill      XL: |  1  2  3  4  5  6  7  8  9 10 11 12 13 14 15 |
---------------+----------------------------------------------+-----
Long Blades    | 2 3 4 6 7 8 10 12 13 15 16 18 20 | 20.1
Fighting       | 4 6 8 9 11 | 11.3
Invocations    | 5 9 11 | 11.0
Armour         | 3 7 |  7.0
Shields        | |  2.6

Action                   |  1- 3 |  4- 6 |  7- 9 | 10-12 | 13-15 || total
-------------------------+-------+-------+-------+-------+-------++-------
Melee: Long sword        |    91 |    87 |   309 |   162 |       ||   649
       Great sword       |       |       |       |   324 |       ||   324
       Double sword      |       |       |       |   208 |  1082 ||  1290
       Punch             |       |       |       |     2 |     5 ||     7
       Headbutt          |       |       |       |       |   248 ||   248
Throw: Javelin           |       |       |       |       |     4 ||     4
Invok: Heroism           |       |       |       |    14 |    16 ||    30
       Finesse           |       |       |       |     3 |    11 ||    14
Evoke: Wand              |       |       |     4 |     4 |     7 ||    15
  Use: Scroll            |     2 |     5 |     5 |    11 |    14 ||    37
       Potion            |       |     6 |     2 |    16 |     7 ||    31
 Stab: Invisible         |       |     1 |       |       |     4 ||     5
       Paralysed         |       |       |    11 |    13 |       ||    24
       Petrified         |       |       |       |       |     1 ||     1
  Eat: Chunk             |     1 |       |     5 |    13 |    27 ||    46
       Bread ration      |       |     2 |       |       |       ||     2
       Meat ration       |       |       |     1 |     3 |     1 ||     5
Armor: Scale mail        |    49 |    35 |    16 |       |       ||   100
       Chain mail        |       |       |   155 |   454 |   570 ||  1179
Dodge: Dodged            |    47 |    42 |    60 |   303 |   345 ||   797
       Rpst.: Long sword |    18 |    15 |    15 |    13 |       ||    61
       Great sword       |       |       |       |    40 |       ||    40
       Double sword      |       |       |       |    19 |    84 ||   103
